 Dungeon Crawl Stone Soup version 0.23.2 (webtiles) character file.

Game seed: 5413364430287902745

38 Illumine the Vexing (level 3, 25/25 HPs)
             Began as a Vampire Arcane Marksman on May 16, 2019.
             Quit the game on level 2 of the Dungeon on Aug 29, 2019.
             The game lasted 00:04:05 (1685 turns).

Illumine the Vexing (Vampire Arcane Marksman)       Turns: 1685, Time: 00:04:06

Health: 25/25      AC:  2    Str:  9    XL:     3   Next: 25%
Magic:  4/4        EV: 12    Int: 16    God:
Gold:   51         SH:  0    Dex: 14    Spells: 1/4 levels left

rFire    . . .     SeeInvis +   c - +0 short sword
rCold    . . .     Gourm    .   (no shield)
rNeg     + . .     Faith    .   f - +0 robe
rPois    .         Spirit   .   (no helmet)
rElec    .         Reflect  .   (no cloak)
rCorr    .         Harm     .   (no gloves)
MR       .....                  (no boots)
Stlth    +.........             (no amulet)
HPRegen  0.08/turn              (no ring)
MPRegen  0.09/turn              (no ring)

@: no status effects
A: fangs 3, see invisible, unbreathing
a: Bat Form


You were on level 2 of the Dungeon.
You were not thirsty.

You visited 1 branch of the dungeon, and saw 2 of its levels.

You collected 51 gold pieces.

Inventory:

Hand Weapons
 a - a +0 shortbow
 c - a +0 short sword (weapon)
Missiles
 d - 39 arrows
 i - 65 stones (quivered)
 j - 12 poisoned needles
Armour
 f - a +0 robe (worn)
Scrolls
 b - a scroll of immolation {unknown}
 h - a scroll of enchant weapon {unknown}
 l - a scroll of teleportation {unknown}
Potions
 e - 4 potions of blood
 g - a potion of resistance {unknown}
 k - a potion of curing {unknown}
 m - a potion of brilliance {unknown}


   Skills:
 - Level 0.8 Fighting
 * Level 1.7 Short Blades
 - Level 1.6 Bows
 - Level 2.1 Dodging
 + Level 0.1 Stealth
 - Level 1.0 Spellcasting
 + Level 5.7 Hexes


You had one spell level left.
You knew the following spells:

 Your Spells              Type           Power        Failure   Level  Hunger
a - Corona                Hex            ###....      2%          1    ##.....
b - Slow                  Hex            ###.....     3%          2    ###....

Your spell library contained the following spells:

 Spells                   Type           Power        Failure   Level  Hunger
 Inner Flame              Hex/Fire       #.......     22%         3    ####...
 Portal Projectile        Hex/Tloc       #.....       22%         3    ####...
 Cause Fear               Hex            ###.......   22%         4    #####..
 Leda's Liquefaction      Hex/Erth       #.........   56%         4    #####..


Dungeon Overview and Level Annotations

Branches:
Dungeon (2/15)

Altars:
Ashenzari


Innate Abilities, Weirdness & Mutations

You have razor-sharp teeth.
You have supernaturally acute eyesight. (SInv)
You can survive without breathing.


Message History

You are too injured to fight recklessly!
The bat misses you. The bat barely misses you.
You hit the bat.
You kill the bat!
You start resting.
HP restored.
You see here a bat corpse.
You bottle the corpse's blood.
e - 4 potions of blood (gained 1)
A goblin comes into view. It is wielding a +0 club.
The goblin shouts!
You hit the goblin.
You kill the goblin!
Things that are here:
a +0 club; a goblin corpse Save game and exit?
Welcome back, Illumine the Vampire Arcane Marksman.
Press ? for a list of commands and other information.
Are you sure you want to abandon this character and quit the game? (Confirm with "yes".)

#.# #######.#
#.......#
#.......###########
#.................#
#......##########.#
........+ ... #.#
##......# #.###.#
#<....... #.@...#
......... #######
#......


There were no monsters in sight!

Vanquished Creatures
  An adder (D:2)
  A leopard gecko (D:2)
  3 giant cockroaches
  4 goblins
  2 hobgoblins
  4 jackals (D:2)
  5 bats
  A frilled lizard (D:1)
  4 kobolds
25 creatures vanquished.

Notes
Turn   | Place    | Note
-------+----------+-------------------------------------------
     0 | D:1      | Illumine the Vampire Arcane Marksman began the quest for
                  | the Orb.
     0 | D:1      | Reached XP level 1. HP: 14/14 MP: 2/2
   598 | D:1      | Reached skill level 1 in Short Blades
   598 | D:1      | Reached XP level 2. HP: 5/20 MP: 0/3
   843 | D:1      | Reached skill level 5 in Hexes
  1165 | D:2      | Reached XP level 3. HP: 12/25 MP: 1/4
  1169 | D:2      | Learned a level 2 spell: Slow
  1323 | D:2      | Found a shattered altar of Ashenzari.
  1685 | D:2      | Quit the game

Skill      XL: |  1  2 |
---------------+-------+-----
Short Blades   | 1 |  1.7
Hexes          | 5 |  5.7
Fighting       | |  0.8
Bows           | |  1.6
Dodging        | |  2.1
Stealth        | |  0.1
Spellcasting   | |  1.0

Action                   || total
-------------------------++-------
Melee: Short sword       ||   111
       Bite              ||     5
 Fire: Shortbow          ||     1
Throw: Stone             ||     1
 Cast: Corona            ||    13
  Use: Potion            ||     5
Armor: Robe              ||    29
Dodge: Dodged            ||   109
